 Dungeon Crawl Stone Soup version 0.30-a0-451-ge042605de7 (webtiles) character file.

Game seed: 8821794261768494484

137 Lobster4 the Caller (level 5, 0/37 HPs)
             Began as a Human Summoner on Dec 11, 2022.
             Slain by a killer bee (8 damage)
             ... on level 4 of the Dungeon.
             The game lasted 00:08:32 (3048 turns).

Lobster4 the Caller (Human Summoner)                Turns: 3048, Time: 00:08:33

Health: 0/37       AC:  3    Str:  8    XL:     5   Next: 44%
Magic:  2/8        EV: 12    Int: 18    God:
Gold:   140        SH:  0    Dex: 13    Spells: 2/8 levels left

rFire   . . .      SeeInvis .    a - staff of poison
rCold   . . .      Faith    .    (no shield)
rNeg    . . .      Spirit   .    d - +0 robe
rPois   +          Reflect  .    (no helmet)
rElec   .          Harm     .    (no cloak)
rCorr   .          Rampage  .    (no gloves)
Will    .....                    n - +0 pair of boots
Stlth   ++........               (no amulet)
HPRegen 0.26/turn                e - ring of flight
MPRegen 0.11/turn                (no ring)

@: flying
A: no striking features
a: no special abilities


You were on level 4 of the Dungeon.
You visited 1 branch of the dungeon, and saw 4 of its levels.

You collected 140 gold pieces.

Inventory:

Hand Weapons
 b - a +1 sling
 c - a +0 hand axe
Armour
 d - a +0 robe (worn)
 k - a +0 leather armour
 n - a +0 pair of boots (worn)
Magical Staves
 a - a staff of poison (weapon)
Jewellery
 e - a ring of flight (left hand)
Scrolls
 f - a scroll of immolation {unknown}
 g - a scroll of amnesia {unknown}
 i - a scroll of fog {unknown}
 j - a scroll of magic mapping {unknown}
 l - a scroll of acquirement {unknown}
 o - a scroll of poison {unknown}
 p - a scroll of blinking {unknown}
 t - a scroll of teleportation {unknown}
 w - 2 scrolls of identify
Potions
 h - 4 potions of curing
 m - a potion of haste
 q - a potion of lignification {unknown}
 r - a potion of magic
 s - a potion of brilliance
 v - a potion of ambrosia {unknown}
 x - a potion of attraction {unknown}


   Skills:
 + Level 1.1 Fighting
 + Level 1.3 Staves
 + Level 1.1 Armour
 + Level 2.4 Dodging
 + Level 2.5 Stealth
 + Level 2.3 Spellcasting
 * Level 4.6 Summonings
 + Level 1.2 Poison Magic
 + Level 1.0 Evocations


You had 2 spell levels left.
You knew the following spells:

 Your Spells              Type           Power      Damage    Failure   Level
a - Summon Small Mammal   Summ           72%        N/A       2%          1
b - Call Imp              Summ           18%        N/A       4%          2
c - Call Canine Familiar  Summ           18%        N/A       8%          3

Your spell library contained the following spells:

 Spells                   Type           Power      Damage    Failure   Level
 Summon Guardian Golem    Hex/Summ       10%        N/A       21%         3
 Tukima's Dance           Hex            2%         N/A       45%         3
 Summon Lightning Spire   Summ/Air       10%        N/A       56%         4
 Passage of Golubria      Tloc           2%         N/A       86%         4
 Yara's Violent Unravell  Hex/Tmut       1%         3d3       99%         5


Dungeon Overview and Level Annotations

Branches:
Dungeon (4/15)
 Temple: D:4-7

Altars:
Dithmenos
Makhleb
Ru

Annotations:
D:2 exclusion: gnoll


Message History

The killer bee misses you. The killer bee barely misses you.
A goblin comes into view. It is wielding a +0 dagger.
Your white imp gestures at the killer bee.
The puff of frost hits the killer bee!
Your rat bites the killer bee but does no damage.
Unknown command.
You closely miss the killer bee.
The killer bee is heavily wounded.
The killer bee barely misses you. x2
The killer bee stings you but does no damage.
The killer bee stings you!
Your rat barely misses the killer bee.
You hit the killer bee.
The killer bee is severely wounded.
The killer bee stings you. The killer bee barely misses you.
The killer bee stings you.
* * * LOW HITPOINT WARNING * * *
The killer bee stings you.
* * * LOW HITPOINT WARNING * * *
The hobgoblin hits your rat.
Your rat misses the killer bee.
Your rat closely misses the killer bee.
Your white imp hits the killer bee.
Your white imp freezes the killer bee.
The killer bee barely misses you. x2
You feel better. The killer bee closely misses you. The killer bee stings you.
The hobgoblin hits your rat.
Your rat dies!
Your rat's corpse disappears in a puff of smoke!
Your rat bites the killer bee.
Your white imp completely misses the killer bee.
The killer bee closely misses you. The killer bee stings you.
* * * LOW HITPOINT WARNING * * *
As you read the scroll labelled LAG RAUMONA FYRGH, it crumbles to dust.
It is a scroll of enchant weapon.
Your +0 sling glows red for a moment.
The killer bee barely misses you. The killer bee closely misses you.
The goblin barely misses your rat.
Your rat completely misses the killer bee.
Your white imp barely misses the killer bee.
The killer bee stings you but does no damage.
The killer bee stings you!
* * * LOW HITPOINT WARNING * * *
You feel better. The killer bee stings you!
You die...

.. #### ##........gg.
#.##..#####.....>?.#
#....†#.)........#
#...†††.....y..##...#
#.†.†##†..†g...##. ##
##...#....†y...#..
#####..ggg.......#
#.#.yg......... #
#.#@yg.........
..####.#5r#.........
....#..............
#.......)........
#...#...........
##..).#........
#...##........
#...............
#............###


You could see 4 killer bees, a hobgoblin, 5 goblins, a friendly white imp
(summoned) and a friendly rat (summoned).

Vanquished Creatures
  2 adders
  3 endoplasms
  A giant cockroach (D:2)
  A goblin (D:4)
  3 hobgoblins (D:2)
  5 kobolds
  3 quokkas
  A bat (D:2)
  3 frilled lizards
  8 rats
30 creatures vanquished.

Vanquished Creatures (collateral kills)
  5 adders
  A worm (D:2)
  A dart slug (D:1)
  3 orcs (D:3)
  2 bats (D:2)
  2 endoplasms (D:2)
  A giant cockroach (D:1)
  2 goblins
  5 hobgoblins
  2 quokkas
  A frilled lizard (D:2)
  2 kobolds
  14 rats (D:4)
41 creatures vanquished.

Grand Total: 71 creatures vanquished

Notes
Turn   | Place    | Note
-------+----------+-------------------------------------------
     0 | D:1      | Lobster4 the Human Summoner began the quest for the Orb.
     0 | D:1      | Reached XP level 1. HP: 13/13 MP: 3/3
   203 | D:1      | Reached XP level 2. HP: 19/19 MP: 1/5
   206 | D:1      | Learned a level 2 spell: Call Imp
   881 | D:2      | Reached XP level 3. HP: 23/25 MP: 3/6
  1190 | D:2      | Reached XP level 4. HP: 7/31 MP: 5/7
  1403 | D:2      | Reached skill level 1 in Armour
  1857 | D:2      | Reached skill level 1 in Staves
  2142 | D:3      | Reached skill level 1 in Fighting
  2468 | D:3      | Found a sacrificial altar of Ru.
  2473 | D:3      | Found a shadowy altar of Dithmenos.
  2473 | D:3      | Found a burning altar of Makhleb.
  2496 | D:3      | Reached skill level 1 in Poison Magic
  2593 | D:3      | Reached XP level 5. HP: 36/37 MP: 4/8
  2597 | D:3      | Learned a level 3 spell: Call Canine Familiar
  2852 | D:3      | You are sucked into a shaft and drop 1 floor!
  2896 | D:4      | Reached skill level 1 in Evocations
  3048 | D:4      | Slain by a killer bee

Illustrated notes

Levels and vault maps discovered:
D:1:      giann_wishing_wells, layout_basic, minmay_octomino_e4
D:2:      minmay_alternating_diamond, layout_basic
D:3:      layout_basic, minitemple, roderic_lattice_a, minmay_misc_feat_columns,
          nicolae_elevator_lobby_asterisk, uniq_crazy_yiuf_cottage
D:4:      layout_rooms, minmay_rat_hole, uniq_robin

Skill      XL: |  1  2  3  4  5 |
---------------+----------------+-----
Armour         | 1 |  1.1
Staves         | 1 |  1.3
Fighting       | 1 |  1.1
Poison Magic   | 1 |  1.2
Evocations     | 1 |  1.0
Dodging        | |  2.4
Stealth        | |  2.5
Spellcasting   | |  2.3
Summonings     | |  4.6

Action                   |  1- 3 |  4- 6 || total
-------------------------+-------+-------++-------
Melee: Staff             |    94 |   105 ||   199
 Cast: Summon Small Mamm |    29 |    43 ||    72
       Call Imp          |       |    11 ||    11
  Use: Scroll            |       |     4 ||     4
       Potion            |       |     2 ||     2
 Stab: Distracted        |     1 |       ||     1
       Sleeping          |       |     2 ||     2
Armor: Robe              |    17 |    29 ||    46
Dodge: Dodged            |    71 |   115 ||   186

Table legend: (Time is in decaauts)
 A = Elapsed time spent in this place.
 B = Non-inter-level travel time spent in this place.
 C = Inter-level travel time spent in this place.
 D = Time resting spent in this place.
 E = Time spent auto-exploring this place.
 F = Levels seen in this place.
 G = Mean time per level.
                   A        B        C        D        E       F      G
               +--------+--------+--------+--------+--------+-----+--------+
         Total |   3080 |   2950 |    130 |    203 |   1855 |   4 |  770.0 |
       Dungeon |   3080 |   2950 |    130 |    203 |   1855 |   4 |  770.0 |
               +--------+--------+--------+--------+--------+-----+--------+

Top non-repeatable levels by time:
     D:2: 1288 daAuts
     D:1: 801 daAuts
     D:3: 789 daAuts
     D:4: 201 daAuts
